 Dungeon Crawl Stone Soup version 0.31-a0-210-gccc998df9b (webtiles) character file.

Game seed: 3903449371814457664

459 qw the Shooter (level 6, -10/52 HPs)
             Began as a Minotaur Hexslinger on June 30, 2023.
             Mangled by Duvessa
             ... wielding a +3 rapier of venom
              (12 damage)
             ... on level 4 of the Dungeon.
             The game lasted 00:02:11 (3481 turns).

qw the Shooter (Minotaur Hexslinger)                Turns: 3481, Time: 00:02:12

Health: -10/52     AC:  7    Str: 13    XL:     6   Next: 78%
Magic:  6/6        EV: 11    Int: 10    God:
Gold:   153        SH:  0    Dex: 14    Spells: 6/7 levels left

rFire   . . .        Y - +2 sling
rCold   . . .        (no shield)
rNeg    + . .        i - +0 ring mail
rPois   .            (helmet restricted)
rElec   .            (no cloak)
rCorr   .            g - +0 pair of gloves
SInv    .            f - +0 pair of boots
Will    .....        (no amulet)
Stlth   +            e - ring of positive energy
HPRegen 0.28/turn    (no ring)
MPRegen 0.10/turn

%: no passive effects
@: lethally poisoned (-10 -> -43), about to teleport
A: horns 2, retaliatory headbutt
a: no special abilities


You were on level 4 of the Dungeon.
You visited 1 branch of the dungeon, and saw 4 of its levels.

You collected 153 gold pieces.


Innate Abilities, Weirdness & Mutations

You have a pair of horns on your head.
You reflexively headbutt those who attack you in melee.


   Skills:
 - Level 4.0 Fighting
 - Level 7.1 Ranged Weapons
 + Level 1.1 Armour
 - Level 2.1 Dodging
 - Level 1.0 Spellcasting
 - Level 2.0 Hexes


You had 6 spell levels left.
You knew the following spells:

 Your Spells              Type           Power      Damage    Failure   Level
a - Slow                  Hex            16%        N/A       32%         1

Your spell library contained the following spells:

 Spells                   Type           Power      Damage    Failure   Level
 Inner Flame              Hex/Fire       2%         N/A       82%         3
 Portal Projectile        Hex/Tloc       4%         N/A       82%         3
 Cause Fear               Hex            2%         N/A       97%         4

Inventory:

Hand Weapons
 Y - a +2 sling (weapon)
Armour
 f - a +0 pair of boots (worn)
 g - a +0 pair of gloves (worn)
 i - a +0 ring mail (worn)
Jewellery
 e - a ring of positive energy (left hand)
 k - a ring of willpower
Scrolls
 a - 2 scrolls of identify
Potions
 b - a potion of curing {unknown}
 c - a potion of attraction {unknown}
 d - a potion of might
 h - a potion of enlightenment
 l - a potion of invisibility {unknown}

Dungeon Overview and Level Annotations

Branches:
Dungeon (4/15)
 Temple: D:4-7

Altars:
Ashenzari
Cheibriados
Hepliaklqana
Ru

Shops:
D:3 =

Annotations:
D:3 1 runed translucent door, qw's ghost, weakling MiHs
D:4 Dowan; Duvessa


Message History

Enter note:
Enter note:
Enter note:
Enter note:
Enter note: You shoot a sling bullet.
The sling bullet barely misses Duvessa.
You shoot a sling bullet. The sling bullet barely misses Duvessa.
Dowan, Brother of Duvessa comes into view.
He is wielding a +0 dagger and wearing a +1 robe of willpower.
Dowan gestures wildly while chanting.
Dowan blinks!
Dowan moves out of view.
You shoot a sling bullet.
The sling bullet closely misses Duvessa.
You shoot a sling bullet. The sling bullet hits Duvessa.
Duvessa is lightly wounded.
Duvessa drinks a potion.
Duvessa seems to grow stronger.
You shoot a sling bullet. The sling bullet hits Duvessa.
Duvessa is lightly wounded.
You shoot a sling bullet.
The sling bullet closely misses Duvessa.
Duvessa hits you with a +3 rapier of venom!
You are poisoned.
You shoot a sling bullet.
The sling bullet closely misses Duvessa.
You feel very sick. Duvessa misses you.
You shoot a sling bullet. The sling bullet hits Duvessa.
Duvessa is moderately wounded.
You feel sick.
Dowan mumbles some strange words.
Dowan blinks!
Duvessa hits you with a +3 rapier of venom!
You are more poisoned.
Duvessa hits you with a +3 rapier of venom!
You are more poisoned.
3481 ||| READING scroll of teleportation.
As you read the scroll of teleportation, it crumbles to dust.
You feel strangely unstable.
You feel extremely sick.
Duvessa hits you with a +3 rapier of venom!
You die...

...........#)..##
........................
....................###.
.......ยค.........)..####
....................#..
#.....................
#.#.....................
......e.#...............
#@#............##.
.###.................
#.........#............
..........#............
.###...................
.....................
..................#...
#.#......%.............
######.................


You could see Duvessa (strong).

Vanquished Creatures
  Menkaure (D:4)
  A bullfrog (D:4)
  A hound (D:3)
  2 orc priests
  2 iguanas (D:4)
  3 adders
  A worm (D:3)
  3 dart slugs
  10 orcs
  6 bats
  14 endoplasms
  9 goblins
  6 hobgoblins
  7 jackals
  10 kobolds
  5 quokkas
  6 ball pythons
  2 frilled lizards (D:2)
  3 rats (D:1)
92 creatures vanquished.

Notes
Turn   | Place    | Note
-------+----------+-------------------------------------------
     0 | D:1      | qw the Minotaur Hexslinger began the quest for the Orb.
     0 | D:1      | Reached XP level 1. HP: 16/16 MP: 1/1
     0 | D:1      | 0 ||| qw: Version: 0.3-a-24-ga2abf7b
     0 | D:1      | 0 ||| qw: Game counter: 7139
     0 | D:1      | 0 ||| qw: Melee chars always use a shield: true
     0 | D:1      | 0 ||| qw: God list: Okawaru
     0 | D:1      | 0 ||| qw: Allow faded altars: false
     0 | D:1      | 0 ||| qw: Do Orc after clearing Dungeon:15 true
     0 | D:1      | 0 ||| qw: Do second Lair branch before Depths: true
     0 | D:1      | 0 ||| qw: Lair rune preference: random
     0 | D:1      | 0 ||| qw: Goals: Normal
     0 | D:1      | 0 ||| PLANNING D:1-11
    35 | D:1      | Found a faded altar of an unknown god.
   238 | D:1      | Reached skill level 3 in Ranged Weapons
   240 | D:1      | Reached XP level 2. HP: 11/23 MP: 2/2
   413 | D:1      | Reached XP level 3. HP: 29/29 MP: 3/3
   862 | D:1      | 862 ||| UPGRADING to +0 leather armour.
   872 | D:1      | 872 ||| DROPPING +0 robe.
   873 | D:1      | 873 ||| UPGRADING to ring of positive energy.
   874 | D:1      | 874 ||| READING 2 scrolls labelled NYGRYD WOIM.
   875 | D:1      | 875 ||| READING scroll labelled LASHUE LEUHUPH.
   876 | D:1      | 876 ||| READING 3 scrolls labelled ZILLIQ BECEWUH.
   877 | D:1      | 877 ||| READING scroll labelled DUUR EPUCHY.
   878 | D:1      | 878 ||| READING scroll labelled NEOHUE RIOZU.
   879 | D:1      | 879 ||| READING 2 scrolls labelled DUCHARAICS.
   883 | D:1      | 883 ||| DROPPING scroll of poison.
   884 | D:1      | 884 ||| DROPPING 2 scrolls of blinking.
   920 | D:2      | 920 ||| STAIRDANCE
   969 | D:2      | 969 ||| STAIRDANCE
   975 | D:1      | Reached skill level 4 in Ranged Weapons
  1054 | D:2      | 1054 ||| STAIRDANCE
  1074 | D:2      | Reached XP level 4. HP: 34/36 MP: 4/4
  1307 | D:2      | 1307 ||| UPGRADING to +0 pair of boots.
  1312 | D:2      | 1312 ||| UPGRADING to +0 pair of gloves.
  1494 | D:3      | Reached skill level 5 in Ranged Weapons
  1503 | D:3      | Found a sacrificial altar of Ru.
  1503 | D:3      | Found a broken altar of Ashenzari.
  1555 | D:3      | Reached skill level 3 in Fighting
  1557 | D:3      | Reached XP level 5. HP: 35/45 MP: 5/5
  1636 | D:3      | Found a hazy altar of Hepliaklqana.
  1657 | D:3      | 1657 ||| UPGRADING to +0 ring mail.
  1667 | D:3      | 1667 ||| DROPPING +0 leather armour.
  1668 | D:3      | 1668 ||| DRINKING 2 inky potions.
  1721 | D:3      | Reached skill level 1 in Armour
  1809 | D:3      | Found a runed translucent door.
  1809 | D:3      | Noticed qw's ghost (weakling MiHs)
  2022 | D:3      | Found Wier's Jewellery Shop.
  2026 | D:3      | 2026 ||| SHOPLISTING amulet of Byda Usi {Will+ Regen+
                  | Int+3} (635 gold, have 153).
  2026 | D:3      | 2026 ||| SHOPLISTING amulet of faith (520 gold, have 153).
  2026 | D:3      | 2026 ||| SHOPLISTING ring of fire (325 gold, have 153).
  2026 | D:3      | 2026 ||| SHOPLISTING ring of protection from fire (325
                  | gold, have 153).
  2026 | D:3      | 2026 ||| SHOPLISTING ring of the Octopus King {rC+ HP+2
                  | AC+2 EV+2 SH+2} (798 gold, have 153).
  2134 | D:3      | Found a snail-covered altar of Cheibriados.
  2860 | D:3      | 2860 ||| Stepping randomly (stuck).
  3120 | D:4      | Reached skill level 6 in Ranged Weapons
  3139 | D:4      | Reached XP level 6. HP: 37/52 MP: 6/6
  3254 | D:4      | Noticed Menkaure
  3262 | D:4      | Killed Menkaure
  3331 | D:4      | Reached skill level 7 in Ranged Weapons
  3472 | D:4      | Noticed Duvessa
  3474 | D:4      | Noticed Dowan
  3480 | D:4      | HP: 11/52 [Duvessa/+3 rapier of venom (11)]
  3481 | D:4      | 3481 ||| READING scroll of teleportation.
  3481 | D:4      | HP: 2/52 [poisoned by Duvessa]
  3481 | D:4      | Mangled by Duvessa

Levels and vault maps discovered:
D:1:      psy_arrival_radial01, layout_basic,
          hellmonk_ecumenical_altar_heavens_door
D:2:      layout_rooms, serial_glass, glass_columns_a, glass_columns_c,
          glass_columns_c, glass_columns_a
D:3:      layout_loops_ring, cheibrodos_worm_habitat,
          gammafunk_temple_overflow_elements, amcnicky_altar_gilded,
          ebering_ghost_sewer_d, serial_shops, nicolae_shop_back_alley_shop
D:4:      minmay_chambers_of_threes, layout_cave_pools, chequers_avenue,
          uniq_ijyb, uniq_duvessa, uniq_menkaure

Skill      XL: |  1  2  3  4  5  6 |
---------------+-------------------+-----
Ranged Weapons | 3 4 5 6 7 |  7.1
Fighting       | 2 3 4 |  4.0
Armour         | 1 |  1.1
Dodging        | |  2.1
Spellcasting   | |  1.0
Hexes          | |  2.0

Action                     |  1- 3 |  4- 6 || total
---------------------------+-------+-------++-------
   Fire: Sling             |    92 |   216 ||   308
    Use: Scroll            |     6 |     1 ||     7
         Potion            |       |     1 ||     1
 Armour: Robe              |     2 |       ||     2
         Leather armour    |     3 |     9 ||    12
         Ring mail         |       |    21 ||    21
  Dodge: Dodged            |    31 |    66 ||    97

Table legend:
 A = Non-vault XP
 B = Vault XP
 C = Vault XP percentage of total XP
 D = Non-vault monster count
 E = Vault monster count
 F = Vault count percentage of total count
                 A         B        C        D         E       F
            +---------+---------+-------+---------+---------+-------
      Total |     486 |     170 |  25.9 |      90 |       2 |   2.2
            +---------+---------+-------+---------+---------+-------
        D:1 |      57 |       0 |   0.0 |      29 |       0 |   0.0
        D:2 |      77 |       0 |   0.0 |      21 |       0 |   0.0
        D:3 |      95 |       5 |   5.0 |      17 |       1 |   5.6
        D:4 |     257 |     165 |  39.1 |      23 |       1 |   4.2
            +---------+---------+-------+---------+---------+-------
